 Dungeon Crawl Stone Soup version 0.28-a0-674-gdaf460b524 (webtiles) character file.

Game seed: 14821992766958874219

142 siradein the Sneak (level 5, -2/40 HPs)
             Began as a Demonspawn Brigand on Oct 18, 2021.
             Slain by a steam dragon (8 damage)
             ... on level 3 of the Dungeon.
             The game lasted 00:04:29 (1939 turns).

siradein the Sneak (Demonspawn Brigand)             Turns: 1939, Time: 00:04:30

Health: -2/40      AC:  6    Str: 11    XL:     5   Next: 4%
Magic:  5/5        EV: 11    Int: 12    God:
Gold:   109        SH:  4    Dex: 16    Spells: 4/4 levels left

rFire   . . .      SeeInvis .   a - +2 dagger
rCold   . . .      Faith    .   h - +0 buckler
rNeg    . . .      Spirit   .   g - +0 leather armour
rPois   .          Reflect  .   (no helmet)
rElec   .          Harm     .   c - +0 cloak
rCorr   .          Rampage  .   l - +0 pair of gloves
Will    .....                   b - +0 pair of boots
Stlth   +++.......              (no amulet)
HPRegen 0.13/turn               (no ring)
MPRegen 0.09/turn               (no ring)

@: no status effects
A: claws 1, demonic guardian 1, sturdy frame 1, condensation shield
a: no special abilities


You were on level 3 of the Dungeon.
You visited 1 branch of the dungeon, and saw 3 of its levels.

You collected 109 gold pieces.

Inventory:

Hand Weapons
 a - a +2 dagger (weapon)
Missiles
 d - 5 poisoned darts (quivered)
 e - 2 curare-tipped darts
Armour
 b - a +0 pair of boots (worn)
 c - a +0 cloak (worn)
 g - a +0 leather armour (worn)
 h - a +0 buckler (worn)
 l - a +0 pair of gloves (worn)
Scrolls
 i - a scroll of fear {unknown}
 k - a scroll of immolation {unknown}
Potions
 f - a potion of flight {unknown}
 j - 2 potions of cancellation {unknown}
 m - a potion of attraction {unknown}
 n - a potion of ambrosia {unknown}


   Skills:
 + Level 2.8 Fighting
 + Level 2.5 Short Blades
 + Level 2.5 Throwing
 + Level 2.0 Dodging
 + Level 4.1 Stealth
 + Level 1.0 Shields


You had 4 spell levels left.
You didn't know any spells.
Your spell library was empty.

Dungeon Overview and Level Annotations

Branches:
Dungeon (3/15)

Altars:


Innate Abilities, Weirdness & Mutations

You have sharp fingernails.
A weak demonic guardian rushes to your aid.
Your movements are slightly less encumbered by armour. (ER -2)
A meltable shield of frost defends you. (SH +0)


Message History

Press: ? - help, Q - select action, (/) - cycle Shift-Dir - straight line, f - steam dragon
Aim: a steam dragon (asleep, 98% to hit)
You throw a poisoned dart.
The poisoned dart hits the steam dragon.
The steam dragon hisses angrily.
The steam dragon breathes steam at you. The ball of steam misses you.
You hear a shout!
You are engulfed in a cloud of scalding steam.
Your condensation shield dissipates!
You are engulfed in a cloud of scalding steam.
You start resting.
A steam dragon is nearby!
Throw: 7 darts (poison)
Press: ? - help, Q - select action, (/) - cycle Shift-Dir - straight line, f/p - steam dragon
Aim: a steam dragon (62% to hit)
You throw a poisoned dart.
The poisoned dart hits the steam dragon!
The steam dragon is poisoned.
The steam dragon breathes steam at you. The ball of steam misses you.
You hear a shout! x2
The steam dragon breathes steam at you. The ball of steam hits you!
A demonic guardian appears!
The steam dragon breathes steam at you. The ball of steam hits you!
* * * LOW HITPOINT WARNING * * *
Your ufetubus is engulfed in a cloud of scalding steam.
Your ufetubus dies!
Your ufetubus disappears in a puff of smoke!
Throw: 6 darts (poison)
Press: ? - help, Q - select action, (/) - cycle Shift-Dir - straight line, f/p - steam dragon
Aim: a steam dragon (moderately wounded, poisoned, 62% to hit)
You throw a poisoned dart.
The poisoned dart hits the steam dragon.
The steam dragon looks even sicker.
The steam dragon is moderately wounded.
A quokka comes into view.
The steam dragon bites you!
You die...

.# ##### ############## .#
#...# #......#.....#
.####...####......#.....#
....>..........§........#
...........#..†§§.§.....#
....†##....#..§.§.§....##
....†##.......§...#....#
####.##......#..D##....# #
##.####....#..@###D### #
#...###....#...###.#
###...+............§.§§D....
..#...##....###......###[...
......##...........r.. ..
..#)..................
..#........).....####.#
####...............# .#
####.###....##.....# .#


You could see a steam dragon (very poisoned) and a quokka.

Vanquished Creatures
  A scorpion (D:3)
  A howler monkey skeleton (D:2)
  2 adders
  3 worms
  A dart slug (D:3)
  An orc (D:3)
  4 bats (D:1)
  4 endoplasms
  3 giant cockroaches
  5 goblins
  3 hobgoblins
  3 jackals (D:2)
  2 quokkas
  2 ball pythons
  2 frilled lizards
  A kobold (D:2)
  4 rats
42 creatures vanquished.

Vanquished Creatures (collateral kills)
  An endoplasm (D:3)
  A goblin (D:2)
  2 bats (D:2)
4 creatures vanquished.

Grand Total: 46 creatures vanquished

Notes
Turn   | Place    | Note
-------+----------+-------------------------------------------
     0 | D:1      | siradein the Demonspawn Brigand began the quest for the
                  | Orb.
     0 | D:1      | Reached XP level 1. HP: 16/16 MP: 1/1
    61 | D:1      | Reached skill level 1 in Dodging
   111 | D:1      | Found a faded altar of an unknown god.
   241 | D:1      | Gained mutation: Your movements are slightly less
                  | encumbered by armour. (ER -2) [demonic ancestry]
   241 | D:1      | Reached XP level 2. HP: 22/22 MP: 2/2
   878 | D:2      | Gained mutation: A weak demonic guardian rushes to your
                  | aid. [demonic ancestry]
   878 | D:2      | Reached XP level 3. HP: 22/28 MP: 3/3
  1424 | D:2      | Reached skill level 4 in Stealth
  1703 | D:3      | Gained mutation: A meltable shield of frost defends you.
                  | (SH +0) [demonic ancestry]
  1703 | D:3      | Reached XP level 4. HP: 33/34 MP: 4/4
  1745 | D:3      | Noticed a scorpion
  1752 | D:3      | Killed a scorpion
  1753 | D:3      | Reached skill level 1 in Shields
  1859 | D:3      | Gained mutation: You have sharp fingernails. [demonic
                  | ancestry]
  1859 | D:3      | Reached XP level 5. HP: 34/40 MP: 5/5
  1925 | D:3      | Noticed a steam dragon
  1939 | D:3      | Slain by a steam dragon

Illustrated notes

Levels and vault maps discovered:
D:1:      zelgadis_glass_arrival_small, layout_loops_cross,
          chequers_ecumenical_altar_island, chequers_serial_rivers_marsh,
          minmay_pentomino_q4
D:2:      layout_rooms
D:3:      layout_basic, tso_altar, minmay_hedge_maze

Skill      XL: |  1  2  3  4 |
---------------+-------------+-----
Dodging        | 1 2 |  2.0
Short Blades   | 2 |  2.5
Throwing       | 2 |  2.5
Stealth        | 4 |  4.1
Shields        | 1 |  1.0
Fighting       | |  2.8

Action                   |  1- 3 |  4- 6 || total
-------------------------+-------+-------++-------
Melee: Dagger            |   133 |    39 ||   172
Throw: Dart              |       |     5 ||     5
 Stab: Sleeping          |     8 |     1 ||     9
Armor: Robe              |    11 |       ||    11
       Leather armour    |    15 |     6 ||    21
Dodge: Dodged            |    68 |    14 ||    82
Block: Buckler           |     4 |    17 ||    21

Table legend: (Time is in decaauts)
 A = Elapsed time spent in this place.
 B = Non-inter-level travel time spent in this place.
 C = Inter-level travel time spent in this place.
 D = Time resting spent in this place.
 E = Time spent auto-exploring this place.
 F = Levels seen in this place.
 G = Mean time per level.
                   A        B        C        D        E       F      G
               +--------+--------+--------+--------+--------+-----+--------+
         Total |   1930 |   1912 |     18 |    228 |   1261 |   3 |  643.3 |
       Dungeon |   1930 |   1912 |     18 |    228 |   1261 |   3 |  643.3 |
               +--------+--------+--------+--------+--------+-----+--------+

Top non-repeatable levels by time:
     D:2: 877 daAuts
     D:1: 645 daAuts
     D:3: 408 daAuts
